 Dungeon Crawl Stone Soup version 0.30.0-5-g1a98f26d00 (webtiles) character file.

Game seed: 16226833890007079550

2870 MacCMillion the Cleaver (level 9, -3/78 HPs)
             Began as a Minotaur Fighter on May 8, 2023.
             Was a Follower of Makhleb.
             Slain by an orc warrior
             ... wielding a +0 glaive
              (18 damage)
             ... in a bailey.
             The game lasted 00:14:06 (8599 turns).

MacCMillion the Cleaver (Minotaur Fighter)          Turns: 8599, Time: 00:14:07

Health: -3/78      AC: 11    Str: 25    XL:     9   Next: 47%
Magic:  23/23      EV: 10    Int:  5    God:    Makhleb [*.....]
Gold:   365        SH:  4    Dex: 10    Spells: 8/8 levels left

rFire   . . .        E - +2 broad axe (freeze)
rCold   . . .        c - +0 buckler
rNeg    . . .        H - +0 chain mail
rPois   .            (helmet restricted)
rElec   .            (no cloak)
rCorr   .            h - +0 pair of gloves
SInv    +            (no boots)
Will    .....        G
                       - Hermit's Pendant {Faith Invo=14 Evo=0 MP+5}
Stlth   x              - ring of see invisible
HPRegen 0.33/turn    (no ring)
MPRegen 0.18/turn

%: faith
@: no status effects
A: horns 2, retaliatory headbutt
a: Renounce Religion


You were in a bailey.
You worshipped Makhleb.
Makhleb was aware of your devotion.
You visited 1 branch of the dungeon, and saw 7 of its levels.
You also visited: Sewer and Bailey.

You collected 365 gold pieces.

Inventory:

Hand Weapons
 a - a +0 war axe
 l - a +2 flail of protection
 E - a +2 broad axe of freezing (weapon)
Missiles
 p - 3 throwing nets (quivered)
 D - 3 boomerangs
 I - 5 poisoned darts
 K - 5 curare-tipped darts
Armour
 c - a +0 buckler (worn)
 h - a +0 pair of gloves (worn)
 H - a +0 chain mail (worn)
Jewellery
 b - a +6 ring of intelligence
 x - a ring of see invisible (left hand)
 G - the Hermit's Pendant (around neck) {Faith Invo=14 Evo=0 MP+5}
   (You found it on level 5 of the Dungeon)

   [amulet of faith]

   Invo=14: It sets your Invocations skill to 14.
   Evo=0: It sets your Evocations skill to 0.
   It allows you to gain divine favour quickly.
   MP:        It affects your magic capacity (+5).
Wands
 y - a wand of roots (3)
 z - a wand of light (7)
 A - a wand of flame (27)
Scrolls
 e - 2 scrolls of teleportation
 f - 2 scrolls of amnesia {unknown}
 g - 2 scrolls of fear {unknown}
 j - 4 scrolls of vulnerability {unknown}
 m - a scroll of enchant weapon
 n - a scroll of immolation
 q - 2 scrolls of blinking {unknown}
 s - 2 scrolls of fog {unknown}
 t - 2 scrolls of magic mapping {unknown}
 v - a scroll of noise
 B - a scroll of poison
 J - a scroll of summoning
Potions
 d - a potion of might
 i - a potion of brilliance {unknown}
 k - 6 potions of curing
 o - 2 potions of cancellation
 r - 3 potions of haste
 u - 3 potions of degeneration
 w - a potion of heal wounds {unknown}
 C - 2 potions of invisibility
 F - a potion of mutation {unknown}


   Skills:
 + Level 6.5 Fighting
 * Level 12.5 Axes
 + Level 6.7 Armour
 + Level 4.7 Dodging
 - Level 4.0 Shields


You had 8 spell levels left.
You didn't know any spells.
Your spell library contained the following spells:

 Spells                   Type           Power      Damage    Failure   Level
 Magic Dart               Conj           0%         1d3       96%         1
 Blink                    Tloc           0%         N/A       99%         2
 Call Imp                 Summ           0%         N/A       99%         2
 Ensorcelled Hibernation  Hex/Ice        0%         N/A       99%         2
 Lesser Beckoning         Tloc           0%         N/A       99%         2
 Momentum Strike          Conj/Tloc      0%         3d8       99%         2
 Passwall                 Tmut/Erth      0%         N/A       99%         2
 Searing Ray              Conj           0%         2d4       99%         2
 Static Discharge         Conj/Air       0%         2-2/arc   99%         2
 Mephitic Cloud           Conj/Pois/Air  0%         N/A       100%        3
 Swiftness                Air            0%         N/A       100%        3
 Airstrike                Air            0%         2d(0-16)  100%        4
 Fulminant Prism          Conj/Hex       0%         3d5       100%        4
 Manifold Assault         Tloc           0%         N/A       100%        4
 Summon Lightning Spire   Summ/Air       0%         N/A       100%        4
 Conjure Ball Lightning   Conj/Air       0%         3x3d6     100%        6
 Storm Form               Tmut/Air       0%         N/A       100%        7
 Discord                  Hex            0%         N/A       100%        8
 Disjunction              Tloc           0%         N/A       100%        8


Dungeon Overview and Level Annotations

Branches:
Dungeon (7/15)             Temple (0/1) D:6           Sewer (visited)
 Bailey (1/1)

Altars:
Ashenzari
Hepliaklqana
Makhleb
Ru
Sif Muna
Uskayaw
Vehumet
Wu Jian
Xom
Yredelemnul

Shops:
D:4 ([

Annotations:
D:4 3 runed translucent doors, EarthwalkerPL's ghost, amateur MiFi
D:6 Sigmund


Innate Abilities, Weirdness & Mutations

You have a pair of horns on your head.
You reflexively headbutt those who attack you in melee.


Message History

You kill the orc!
Makhleb accepts your kill.
The orc warrior hits you from afar with a +0 glaive.
You hit the orc warrior. You freeze the orc warrior.
The orc warrior is moderately wounded.
You block the orc warrior's attack.
The orc warrior hits you from afar with a +0 glaive!
You barely miss the orc warrior.
The orc warrior is lightly wounded.
You block the orc warrior's attack.
You slash the orc warrior! You freeze the orc warrior.
Your headbutt misses the orc warrior.
The orc warrior is severely wounded.
The orc warrior hits you but does no damage.
The orc warrior hits you from afar with a +0 glaive!
You slash the orc warrior! You freeze the orc warrior.
You kill the orc warrior!
Makhleb accepts your kill.
You slash the orc! You freeze the orc.
You kill the orc!
Makhleb accepts your kill.
The orc warrior hits you from afar with a +0 glaive.
You barely miss the orc. You block the orc's attack.
The orc warrior hits you from afar with a +0 glaive.
You are too injured to fight recklessly!
You closely miss the orc. Your headbutt misses the orc.
The orc closely misses you.
The orc warrior hits you from afar with a +0 glaive!
You barely miss the orc. You headbutt the orc, but do no damage.
You block the orc's attack. You block the orc warrior's attack.
You slice the orc!! You freeze the orc.
You kill the orc!
Makhleb accepts your kill. You block the orc warrior's attack.
You hit the orc warrior. You freeze the orc warrior.
The orc warrior is lightly wounded.
The orc warrior hits you from afar with a +0 glaive!
* * * LOW HITPOINT WARNING * * *
The orc warrior hits you with a +0 glaive!!
You die...

### ############ ....
##...)).).∩.## ....
######....)#).....#
..##..#....#@...###.....#
.o.8..'...oo)....8.....∩#
.o##..#....#....###.....#


oo.. ######.....#......# .... ##........∩.## ### ############ You could see 2
orc warriors.

Vanquished Creatures
  Eustachio (D:4)
  A wyvern (D:6)
  Edmund (D:5)
  2 water moccasins
  Pargi (Sewer)
  2 orc warriors (Bailey)
  2 ice beasts (D:7)
  A sky beast (D:7)
  An ogre (D:5)
  3 centaurs
  A phantom (D:5)
  A bullfrog (D:7)
  3 necrophages (D:5)
  A gnoll sergeant (D:6)
  2 scorpions
  A howler monkey (D:5)
  A crimson imp (D:5)
  4 hounds
  A centaur zombie (D:5)
  A jelly (D:5)
  A human zombie (D:5)
  2 orc priests (D:5)
  Terence (D:3)
  3 iguanas
  2 orc wizards (D:5)
  2 hound zombies (D:5)
  4 mummies (D:5)
  7 adders
  9 gnolls
  2 shadow imps
  2 white imps
  An ufetubus (D:5)
  An adder zombie (D:5)
  A worm (D:2)
  4 dart slugs
  21 orcs
  9 bats
  11 endoplasms
  2 giant cockroaches
  7 hobgoblins
  6 jackals
  6 kobolds
  2 quokkas
  2 ball pythons
  2 frilled lizards
  14 goblins
  4 rats
159 creatures vanquished.

Notes
Turn   | Place    | Note
-------+----------+-------------------------------------------
     0 | D:1      | MacCMillion the Minotaur Fighter began the quest for the
                  | Orb.
     0 | D:1      | Reached XP level 1. HP: 19/19 MP: 0/0
   182 | D:1      | Reached XP level 2. HP: 20/26 MP: 1/1
   219 | D:1      | Reached skill level 3 in Axes
   571 | D:1      | Reached XP level 3. HP: 31/31 MP: 2/2
   680 | D:1      | Reached skill level 4 in Axes
  1263 | D:2      | Reached skill level 5 in Axes
  1263 | D:2      | Reached XP level 4. HP: 31/39 MP: 3/3
  1918 | D:3      | Found a glowing drain.
  1926 | D:3      | Reached skill level 6 in Axes
  1953 | Sewer    | Entered a sewer
  1968 | Sewer    | Reached XP level 5. HP: 45/45 MP: 4/4
  1981 | Sewer    | Noticed Pargi
  1995 | Sewer    | Killed Pargi
  1996 | Sewer    | Reached skill level 7 in Axes
  2531 | D:3      | Noticed Terence
  2543 | D:3      | Killed Terence
  2544 | D:3      | Reached XP level 6. HP: 47/51 MP: 5/5
  2678 | D:4      | Found a shimmering blue altar of Sif Muna.
  2787 | D:4      | Found Faciacvo's Antique Armour Boutique.
  2808 | D:4      | Reached skill level 8 in Axes
  2820 | D:4      | Noticed EarthwalkerPL's ghost (amateur MiFi)
  2845 | D:4      | Found a hazy altar of Hepliaklqana.
  2882 | D:4      | Found a runed translucent gate.
  2882 | D:4      | Found a runed translucent gate.
  2882 | D:4      | Found a runed translucent gate.
  2960 | D:4      | Noticed Eustachio
  2979 | D:4      | Killed Eustachio
  3294 | D:4      | Reached skill level 9 in Axes
  3393 | D:4      | Found Fublex's Weapon Shop.
  3542 | D:5      | Entered Level 5 of the Dungeon
  3549 | D:5      | Reached XP level 7. HP: 57/57 MP: 6/6
  3551 | D:5      | Found a broken altar of Ashenzari.
  3562 | D:5      | Found a shimmering altar of Xom.
  3664 | D:4      | Reached skill level 10 in Axes
  3890 | D:5      | Reached skill level 1 in Dodging
  4163 | D:5      | Found a burning altar of Makhleb.
  4163 | D:5      | Found a radiant altar of Vehumet.
  4227 | D:5      | Reached XP level 8. HP: 61/66 MP: 7/7
  4830 | D:5      | Found the Hermit's Pendant {Faith Invo=14 Evo=0 MP+5}
  4927 | D:5      | Found an ornate altar of the Wu Jian Council.
  4991 | D:5      | Found a basalt altar of Yredelemnul.
  5068 | D:5      | Became a worshipper of Makhleb the Destroyer
  5198 | D:5      | Reached skill level 11 in Axes
  5208 | D:5      | Reached skill level 5 in Fighting
  5208 | D:5      | Reached skill level 5 in Armour
  5407 | D:6      | Noticed Edmund
  5407 | D:6      | Noticed Sigmund
  5598 | D:5      | Found a shimmering altar of Xom.
  5623 | D:5      | Killed Edmund
  6266 | D:5      | Found a broken altar of Ashenzari.
  6360 | D:5      | Saw a vision of the Shoals and the Spider Nest.
  6360 | D:5      | Noticed a tarantella
  6360 | D:5      | Noticed a ghost moth
  6360 | D:5      | Noticed a jorogumo
  6360 | D:5      | Noticed a jumping spider
  6360 | D:5      | Noticed a tarantella
  6360 | D:5      | Noticed a boulder beetle
  6360 | D:5      | Noticed a tarantella
  6360 | D:5      | Noticed a pharaoh ant
  6360 | D:5      | Noticed a meliai
  6360 | D:5      | Noticed a wolf spider
  6360 | D:5      | Noticed a merfolk
  6360 | D:5      | Noticed a manticore
  6360 | D:5      | Noticed a merfolk impaler
  6360 | D:5      | Noticed a merfolk
  6360 | D:5      | Noticed a sea snake
  6360 | D:5      | Noticed a merfolk
  6360 | D:5      | Noticed a manticore
  6360 | D:5      | Noticed a sea snake
  6360 | D:5      | Noticed a wind drake
  6361 | D:5      | Noticed an emperor scorpion
  6361 | D:5      | Noticed a demonic crawler
  6361 | D:5      | Noticed a merfolk siren
  6362 | D:5      | Noticed a merfolk
  6362 | D:5      | Noticed a torpor snail
  6362 | D:5      | Noticed a jumping spider
  6606 | D:5      | Found an ornate altar of the Wu Jian Council.
  6739 | D:5      | Found a basalt altar of Yredelemnul.
  7154 | D:6      | Found a hide-covered altar of Uskayaw.
  7440 | D:6      | Reached XP level 9. HP: 68/75 MP: 18/18
  7524 | D:6      | Found a sacrificial altar of Ru.
  7687 | D:6      | Reached * piety under Makhleb
  8048 | D:6      | Found a staircase to the Ecumenical Temple.
  8233 | D:7      | Reached skill level 12 in Axes
  8319 | D:7      | Identified a scroll of acquirement
  8320 | D:7      | Acquired a +2 broad axe of freezing
  8507 | D:7      | Found a flagged portal.
  8517 | D:7      | Identified the +0 leather armour of Kleptomania {Int+3}
  8520 | Bailey   | Entered a bailey
  8599 | Bailey   | Slain by an orc warrior

Illustrated notes

Levels and vault maps discovered:
D:1:      mushboom_english_gardens, layout_loops_ring, minmay_parallelograms,
          chequers_serial_rivers_micro_e, minmay_crystal_water
D:2:      layout_basic
D:3:      layout_loops_ring, portal_sewer_entry_d, serial_glass,
          glass_columns_a, glass_columns_b, st_stairs_10, uniq_terence
D:4:      layout_basic, nicolae_sif_muna_condensation,
          nzn_hepliaklqana_mist_gate, gammafunk_ghost_split, serial_shops, shop,
          shop, uniq_eustachio
D:5:      layout_layer_cave, xom_teletrap_fun,
          grunt_temple_overflow_lords_of_destruction,
          nicolae_wu_jian_glorious_leap, lemuel_mausoleum_altar_yredelemnul,
          grunt_ashenzari_visionary [grunt_ashenzari_visionary_shoals,
          grunt_ashenzari_visionary_spider]
D:6:      layout_loops_ring, nicolae_ru_sacrificial_ziggurat,
          eat_drink_and_be_merry_uskayaw, minmay_temple_entry_mist,
          amcnicky_mini_pool_small, uniq_edmund, uniq_sigmund
D:7:      layout_rooms, enter_bailey_3
Bailey:   bailey_polearm_5, bailey

Skill      XL: |  1  2  3  4  5  6  7  8  9 |
---------------+----------------------------+-----
Shields        | 4 |  4.0
Axes           | 3 5 6 7 9 10 11 12 | 12.5
Fighting       | 4 5 6 |  6.5
Armour         | 4 5 6 |  6.7
Dodging        | 1 3 4 |  4.7

Action                     |  1- 3 |  4- 6 |  7- 9 || total
---------------------------+-------+-------+-------++-------
  Melee: War axe           |    89 |   135 |   205 ||   429
         Headbutt          |     9 |    17 |    47 ||    73
         Broad axe         |       |       |    32 ||    32
  Throw: Dart              |       |     4 |     5 ||     9
         Throwing net      |       |     2 |       ||     2
    Use: Scroll            |       |       |    12 ||    12
 Armour: Scale mail        |    42 |    68 |    45 ||   155
         Chain mail        |       |       |    43 ||    43
  Dodge: Dodged            |    43 |    74 |    90 ||   207
  Block: Buckler           |    16 |    33 |    47 ||    96
